 Dungeon Crawl Stone Soup version 0.18-a0-1293-g5a2c81a (webtiles) character file.

37491 Lathuz the Severer (level 13, -9/184 HPs)
             Began as a Hill Orc Berserker on Feb 9, 2016.
             Was an Elder of Trog.
             Mangled by a death yak (11 damage)
             ... on level 6 of the Lair of Beasts on Feb 10, 2016.
             The game lasted 00:45:16 (17292 turns).

Lathuz the Severer (Hill Orc Berserker)            Turns: 17292, Time: 00:45:16

Health: -9/184     AC: 29    Str: 21    XL:     13   Next: 97%
Magic:  0/13       EV:  2    Int:  7    God:    Trog [****..]
Gold:   1003       SH:  0    Dex: 14    Spells: 0 memorised, 12 levels left

rFire  . . .     SeeInvis .     D - +1 executioner's axe (venom)
rCold  . . .     Gourm    .     (armour currently unavailable)
rNeg   + + +     Faith    .     (shield currently unavailable)
rPois  +         Spirit   +     (helmet currently unavailable)
rElec  .         Dismiss  .     (cloak currently unavailable)
rCorr  .         Reflect  .     (gloves currently unavailable)
SustAt .         Harm     .     (boots currently unavailable)
MR     ++...     NoTele   +     O - amulet of guardian spirit
Stlth  ++........               J - +3 ring of protection
                                V - ring of poison resistance

@: lethally poisoned (-9 -> -9), tree-form, regenerating, very resistant to
hostile enchantments, unstealthy
A: no striking features
a: Berserk, Trog's Hand, Brothers in Arms, Burn Spellbooks, Renounce Religion


You were on level 6 of the Lair of Beasts.
You worshipped Trog.
Trog was greatly pleased with you.
You were not hungry.
You were a tree.
You visited 2 branches of the dungeon, and saw 17 of its levels.

You collected 1003 gold pieces.

Inventory:

Hand Weapons
 D - a +1 executioner's axe of venom (weapon)
Missiles
 y - 2 poisoned javelins (quivered)
 z - 8 silver javelins
Armour
 u - a +2 pair of boots (melded)
 v - a +2 hat (melded)
 F - a +0 cloak (melded)
 X - a +0 plate armour (melded)
Jewellery
 E - an uncursed ring of flight
 J - a +3 ring of protection (right branch)
 L - an uncursed ring of fire
 O - an amulet of guardian spirit (around neck)
 T - an uncursed amulet of regeneration
 V - a ring of poison resistance (left branch)
 W - an uncursed ring of sustain attributes {unknown}
Wands
 a - a wand of slowing (20/48)
 r - a wand of hasting (4/9)
 N - a wand of digging (13/24)
 P - a wand of teleportation (5/9)
Scrolls
 b - 7 scrolls of teleportation
 h - 13 scrolls of remove curse
 k - 5 scrolls of recharging
 n - 5 scrolls of identify
 o - 5 scrolls of enchant armour
 p - 3 scrolls of fear {unknown}
 s - a scroll of blinking
 x - 4 scrolls of enchant weapon
 C - 2 scrolls of magic mapping
 Q - a scroll of acquirement
 S - a scroll of fog
 Y - a scroll of torment {unknown}
 Z - 2 scrolls of noise {unknown}
Potions
 e - 3 potions of lignification
 f - 2 potions of invisibility {unknown}
 g - 7 potions of curing
 i - 2 potions of flight {unknown}
 j - 5 potions of might
 l - 6 potions of heal wounds {unknown}
 q - a potion of mutation {unknown}
 w - 4 potions of degeneration {unknown}
 A - a potion of resistance {unknown}
 G - a potion of cancellation {unknown}
 H - 2 potions of agility {unknown}
 I - 2 potions of brilliance {unknown}
 K - 3 potions of haste {unknown}
 M - 2 potions of ambrosia {unknown}
 R - a potion of beneficial mutation {unknown}
Comestibles
 c - 9 bread rations
 d - 8 fruits
 m - 3 royal jellies
 t - 2 beef jerkies
 B - 7 meat rations
 U - 6 chunks of flesh


   Skills:
 + Level 13.9 Fighting
 * Level 20.4 Axes
 + Level 12.5 Armour
 - Level 1.5 Dodging


You had 12 spell levels left.
You didn't know any spells.

Dungeon Overview and Level Annotations

Branches:
Dungeon (11/15)            Temple (0/1) D:5            Lair (5/8) D:11
 Shoals (0/4) Lair:6        Snake (0/4) Lair:3          Orc (0/2) D:10

Altars:
Kikubaaqudgha
Nemelex Xobeh
Okawaru
Qazlal
Sif Muna
Trog
Xom
Zin

Shops:
D:7 :


Message History

You barely miss the polar bear.
The polar bear is lightly wounded.
You hit the spiny frog but do no damage.
The spiny frog is almost dead.
You feel sick.
The spiny frog stings you but does no damage.
The polar bear barely misses you.
The polar bear claws you but does no damage. x2
You hit the polar bear but do no damage.
The polar bear is lightly wounded.
You slice the spiny frog!!
You kill the spiny frog!
Trog accepts your kill.
You slice the death yak!!
The death yak is heavily wounded.
You feel sick.
The polar bear bites you but does no damage.
The polar bear claws you but does no damage.
The polar bear barely misses you. The death yak gores you!
You die...

.... h ##..........
......# .#####..........
....... ..#...P..#P....#
.......##h.#....###.#.##
#................ ...#..
...##.....(.# #.....
..#.....####### ....
#h#h†###≈≈≈≈≈####..
#♣Y#≈≈≈#≈≈≈#≈≈≈#.#
.........#≈≈≈#≈≈≈#≈≈≈#..
......(..#≈≈≈#####≈≈≈#..
.........#####≈≈≈'####..
.......... #≈≈≈>≈≈≈#....
.........####'≈≈≈#####..
.........#≈≈≈#####≈≈≈#..
......#..#≈≈≈#≈≈≈#≈≈≈#..
#≈≈≈#≈≈≈#≈≈≈#..


You could see a death yak and 3 polar bears.

Vanquished Creatures
  Maud (Lair:4)
  Josephine (Lair:4)
  2 hydras
  A catoblepas (Lair:3)
  Urug (Lair:4)
  Nergalle (D:10)
  3 unseen horrors
  The ghost of namelastname112 the Basher, a novice DrCK of Xom (D:5)
  2 hill giants (D:11)
  Pikel (D:4)
  A cyclops (D:11)
  10 black mambas
  7 elephants
  11 spiny frogs
  5 komodo dragons
  A troll (D:10)
  Grinder (D:3)
  2 polar bears (Lair:6)
  A two-headed ogre (D:9)
  9 blink frogs
  A wyvern (Lair:5)
  6 yaks
  2 vampires (D:10)
  A basilisk (Lair:3)
  4 wraiths
  Eustachio (D:6)
  A human (D:10)
  3 hippogriffs
  A hungry ghost (D:8)
  Menkaure (D:5)
  2 wargs (D:10)
  A wolf (Lair:2)
  Duvessa (D:5)
  21 water moccasins
  5 ice beasts
  4 porcupines
  2 phantoms (D:8)
  3 sky beasts
  3 slaves (D:4)
  4 orc warriors
  2 black bears
  The ghost of namelastname112 the Cudgeler, an amateur DrCK of Xom (D:3)
  6 ogres
  A necrophage (D:10)
  8 centaurs
  16 crocodiles
  A big kobold (D:8)
  Blork the orc (D:5)
  14 giant frogs
  A gnoll sergeant (D:11)
  Dowan (D:5)
  A wyvern skeleton (D:10)
  3 scorpions
  9 killer bees
  7 wights (D:10)
  5 electric eels
  A centaur zombie (D:8)
  6 crimson imps
  3 giant frog skeletons
  A quasit (D:11)
  3 giant frog zombies
  2 centaur skeletons (D:4)
  7 hounds
  4 jellies
  Crazy Yiuf (D:5)
  12 orc priests
  9 iguanas
  9 orc wizards
  11 worker ants
  14 sheep
  3 hound skeletons
  A worker ant zombie (D:7)
  9 gnolls
  12 adders
  15 river rats
  5 shadow imps
  12 white imps (Lair:3)
  An adder skeleton (D:6)
  2 worms (D:3)
  8 giant geckos
  52 orcs
  A ball python (D:4)
  9 bats
  12 giant cockroaches
  8 hobgoblins
  8 jackals
  22 kobolds
  4 quokkas
  A giant gecko zombie (D:6)
  8 giant newts
  9 goblins
  2 jackal skeletons
  A quokka skeleton (D:6)
  A quokka zombie (D:6)
  3 rats
  2 bushes (Lair:4)
  A fungus (Lair:2)
  5 plants
506 creatures vanquished.

Vanquished Creatures (collateral kills)
  The ghost of George the Carver, a novice MiFi of Okawaru (D:10)
  A polar bear (Lair:6)
  A hippogriff (Lair:3)
  An orc warrior (D:11)
  An ogre (D:6)
  A phantom (D:11)
  A centaur (D:8)
  A wight (D:10)
  An orc priest (D:11)
  6 orcs
15 creatures vanquished.

Grand Total: 521 creatures vanquished

Notes
Turn   | Place    | Note
--------------------------------------------------------------
     0 | D:1      | Lathuz the Hill Orc Berserker began the quest for the Orb.
     0 | D:1      | Reached XP level 1. HP: 19/19 MP: 1/1
   155 | D:1      | Reached XP level 2. HP: 15/26 MP: 2/2
   378 | D:1      | Reached skill level 5 in Axes
   534 | D:1      | Reached ** piety under Trog
   534 | D:1      | Reached XP level 3. HP: 26/31 MP: 3/3
   884 | D:2      | Reached skill level 6 in Axes
  1199 | D:2      | Found a stormy altar of Qazlal.
  1214 | D:2      | Reached XP level 4. HP: 39/39 MP: 4/4
  1804 | D:3      | Found a deep blue altar of Sif Muna.
  1823 | D:3      | Reached skill level 7 in Axes
  1823 | D:3      | Reached XP level 5. HP: 27/46 MP: 5/5
  2079 | D:3      | Noticed Grinder
  2094 | D:3      | Killed Grinder
  2094 | D:3      | Reached skill level 8 in Axes
  2094 | D:3      | Reached XP level 6. HP: 41/53 MP: 6/6
  2147 | D:3      | Found an ancient bone altar of Kikubaaqudgha.
  2415 | D:3      | Reached *** piety under Trog
  2753 | D:3      | Reached XP level 7. HP: 60/60 MP: 7/7
  2894 | D:3      | Noticed namelastname112's ghost (amateur DrCK)
  2911 | D:3      | Killed namelastname112's ghost
  2911 | D:3      | Reached skill level 5 in Fighting
  3264 | D:4      | Reached skill level 9 in Axes
  3649 | D:4      | Found a shimmering altar of Xom.
  4034 | D:4      | Reached XP level 8. HP: 70/70 MP: 8/8
  4138 | D:4      | Noticed Pikel
  4173 | D:4      | Killed Pikel
  4173 | D:4      | Reached skill level 10 in Axes
  4173 | D:4      | Reached skill level 5 in Armour
  4424 | D:5      | Entered Level 5 of the Dungeon
  4530 | D:5      | Found a staircase to the Ecumenical Temple.
  4739 | D:5      | Reached skill level 11 in Axes
  4953 | D:5      | Noticed Blork the orc
  4955 | D:5      | Noticed Menkaure
  4962 | D:5      | Killed Blork the orc
  4966 | D:5      | Killed Menkaure
  5282 | D:5      | Noticed Duvessa
  5293 | D:5      | Killed Duvessa
  5293 | D:5      | Reached XP level 9. HP: 79/79 MP: 9/9
  5324 | D:5      | Noticed namelastname112's ghost (novice DrCK)
  5352 | D:5      | Noticed Dowan
  5482 | D:5      | Killed namelastname112's ghost
  5482 | D:5      | Reached skill level 12 in Axes
  5569 | D:5      | Killed Dowan
  5758 | D:5      | Reached **** piety under Trog
  5849 | D:5      | Found a bloodstained altar of Trog.
  5923 | D:5      | Noticed Crazy Yiuf
  5928 | D:5      | Killed Crazy Yiuf
  6143 | D:6      | Found a sparkling altar of Nemelex Xobeh.
  6321 | D:6      | Noticed Eustachio
  6337 | D:6      | Killed Eustachio
  6600 | D:6      | Reached skill level 13 in Axes
  6649 | D:6      | Found an iron altar of Okawaru.
  6789 | D:6      | Reached XP level 10. HP: 84/90 MP: 10/10
  7649 | D:7      | Found Veotzi's Book Shop.
  7736 | D:8      | Upgraded the game from 0.18-a0-1292-ge8ad84c to 0.18-a0-1293-g5a2c81a
  7974 | D:8      | Reached skill level 14 in Axes
  8438 | D:8      | Found a deep blue altar of Sif Muna.
  8918 | D:8      | Received a gift from Trog
  9484 | D:9      | Found a glowing silver altar of Zin.
  9586 | D:9      | Reached skill level 15 in Axes
  9803 | D:9      | Reached skill level 10 in Fighting
  9920 | D:9      | Reached XP level 11. HP: 99/99 MP: 11/11
 10056 | D:10     | Entered Level 10 of the Dungeon
 10436 | D:10     | Found a staircase to the Orcish Mines.
 10436 | D:10     | Noticed Nergalle
 10481 | D:10     | Killed Nergalle
 10553 | D:10     | Noticed George's ghost (novice MiFi)
 10572 | D:10     | Killed George's ghost
 10622 | D:10     | Noticed a seven-headed hydra
 10637 | D:10     | HP: 7/151 [17-headed hydra (5)]
 10637 | D:10     | HP: 3/151 [17-headed hydra (1)]
 10638 | D:10     | Killed an 18-headed hydra
 10638 | D:10     | Reached skill level 16 in Axes
 10980 | D:10     | Received a gift from Trog
 11262 | D:10     | Identified a scroll of acquirement
 11296 | D:10     | Killed an unseen horror
 11798 | D:11     | Noticed a hill giant
 11804 | D:11     | Reached skill level 10 in Armour
 11812 | D:11     | Killed a hill giant
 11834 | D:11     | Found a staircase to the Lair.
 11963 | D:11     | Killed an unseen horror
 12007 | D:11     | Noticed a hill giant
 12012 | D:11     | Killed a hill giant
 12091 | D:11     | Reached XP level 12. HP: 101/110 MP: 12/12
 12097 | D:11     | Reached skill level 17 in Axes
 12370 | D:11     | Reached ***** piety under Trog
 12490 | D:11     | Received a gift from Trog
 12502 | Lair:1   | Entered Level 1 of the Lair of Beasts
 13482 | Lair:2   | Reached skill level 18 in Axes
 14730 | Lair:3   | Found a staircase to the Snake Pit.
 14751 | Lair:3   | Reached XP level 13. HP: 37/119 MP: 13/13
 14917 | Lair:3   | Reached skill level 19 in Axes
 15806 | Lair:4   | Received a gift from Trog
 15900 | Lair:4   | Noticed Josephine
 15910 | Lair:4   | Killed Josephine
 16074 | Lair:4   | Noticed Maud
 16082 | Lair:4   | Noticed Urug
 16089 | Lair:4   | Killed Maud
 16089 | Lair:4   | Reached skill level 20 in Axes
 16098 | Lair:4   | Killed Urug
 17052 | Lair:5   | You fall through a shaft!
 17255 | Lair:6   | Found a staircase to the Shoals.
 17290 | Lair:6   | HP: 5/184 [spiny frog (5)]
 17290 | Lair:6   | HP: 1/184 [polar bear (4)]
 17292 | Lair:6   | Mangled by a death yak

Vault maps used:
D:1:      dpeg_arrival_simpleton_c
D:2:      nicolae_qazlal_general_emergency
D:3:      lemuel_round_altar, lemuel_round_altar, gup_sewer_entry_bubbles,
          uniq_grinder
D:4:      old_standard_altar, first_bread, grunt_ministairs_1, uniq_pikel
D:5:      kennysheep_windowed_halls, lemuel_round_altar,
          minmay_temple_entry_mist, hex_tiny, uniq_duvessa, uniq_menkaure,
          uniq_blork_the_orc, uniq_crazy_yiuf_cottage
D:6:      okawaru_altar_gauntlet_db, nemelex_deck, uniq_eustachio
D:7:      serial_shops, shop, kennysheep_generic_room_4
D:8:      kennysheep_orc_sif_temple
D:9:      zin_statuary
D:10:     erik_orc_4, uniq_nergalle
D:11:     lair_0_dummy
Lair:1:   nicolae_quartered_pool_little, infiniplex_staircase_pool_2,
          serial_bayou_shore_b, lemuel_fruit_tree
Lair:2:   guppyfry_lair_drakes, serial_bayou_shore_a, grunt_megastairs_2,
          serial_bayou_shore_b
Lair:3:   minmay_snake_entry_six_corridors, portal_ice_cave_entry_imps
Lair:4:   grunt_forest_small_clearing_treed, grunt_megastairs_5, uniq_maud,
          uniq_josephine, uniq_urug
Lair:5:   lab_entry_generic, st_stairs_12, infiniplex_staircase_pool
Lair:6:   elwin_shoals_entry_rooms, beast_lair_carwin_1

Action                   |  1- 3 |  4- 6 |  7- 9 | 10-12 | 13-15 || total
-------------------------+-------+-------+-------+-------+-------++-------
Melee: Hand axe          |   129 |   157 |   187 |       |       ||   473
       War axe           |       |       |   218 |   552 |       ||   770
       Broad axe         |       |       |       |   134 |       ||   134
       Executioner's axe |       |       |       |   191 |   245 ||   436
Throw: Tomahawk          |       |       |     1 |     7 |       ||     8
Invok: Berserk           |     1 |     3 |     8 |    11 |     4 ||    27
       Trog's Hand       |       |     2 |     3 |     9 |     3 ||    17
       Burn Spellbooks   |       |       |     1 |     3 |       ||     4
       Brothers in Arms  |       |       |     1 |     5 |     3 ||     9
  Use: Scroll            |       |       |     5 |    16 |     3 ||    24
       Potion            |       |       |     1 |       |     1 ||     2
  Eat: Chunk             |     2 |     7 |    18 |    34 |    13 ||    74
       Fruit             |       |       |     1 |     4 |     1 ||     6
       Bread ration      |       |       |     1 |     1 |       ||     2
       Beef jerky        |       |       |       |     1 |       ||     1
